 Dungeon Crawl Stone Soup version 0.30-a0-830-gfe289a77b0 (webtiles) character file.

Game seed: 14852909211551891905

49 Pimp the Conjurer (level 3, -7/22 HPs)
             Began as an Octopode Conjurer on Feb 28, 2023.
             Mangled by an iguana (13 damage)
             ... on level 2 of the Dungeon.
             The game lasted 00:04:05 (1367 turns).

Pimp the Conjurer (Octopode Conjurer)               Turns: 1367, Time: 00:04:05

Health: -7/22      AC:  1    Str:  6    XL:     3   Next: 75%
Magic:  6/6        EV: 13    Int: 22    God:
Gold:   64         SH:  0    Dex: 10    Spells: 5/6 levels left

rFire   + . .      SeeInvis .      - Unarmed
rCold   x . .      Faith    .    (no shield)
rNeg    . . .      Spirit   .    (helmet restricted)
rPois   .          Reflect  .    (no amulet)
rElec   .          Harm     .    c - ring of fire
rCorr   .          Rampage  .    (no ring)
Will    .....                    (no ring)
Stlth   +++                      (no ring)
HPRegen 0.23/turn                (no ring)
MPRegen 0.10/turn                (no ring)
                                 (no ring)
                                 (no ring)

@: no status effects
A: almost no armour, amphibious, 8 rings, camouflage 1, gelatinous body 1,
(nimble swimmer 1), tentacles
a: no special abilities


You were on level 2 of the Dungeon.
You visited 1 branch of the dungeon, and saw 2 of its levels.

You collected 64 gold pieces.

Inventory:

Jewellery
 c - a ring of fire (left tentacle)
Scrolls
 d - a scroll of identify
 h - a scroll of teleportation
Potions
 a - a potion of magic
 b - a potion of attraction {unknown}
 e - a potion of berserk rage {unknown}
 i - a potion of haste {unknown}


   Skills:
 + Level 0.9 Fighting
 + Level 2.4 Dodging
 + Level 3.3 Stealth
 + Level 1.0 Unarmed Combat
 + Level 2.3 Spellcasting
 + Level 4.2 Conjurations


You had 5 spell levels left.
You knew the following spells:

 Your Spells              Type           Power      Damage    Failure   Level
a - Magic Dart            Conj           84%        1d7       2%          1

Your spell library contained the following spells:

 Spells                   Type           Power      Damage    Failure   Level
 Searing Ray              Conj           42%        2d6       3%          2
 Dazzling Flash           Conj/Hex       22%        N/A       17%         3
 Fulminant Prism          Conj/Hex       5%         3d7       50%         4
 Iskenderun's Mystic Bla  Conj/Tloc      11%        2d4       50%         4


Dungeon Overview and Level Annotations

Branches:
Dungeon (2/15)

Altars:


Innate Abilities, Weirdness & Mutations

You cannot wear most types of armour.
You are amphibious.
You can wear up to eight rings at the same time.
Your skin changes colour to match your surroundings (Stealth+).
Your rubbery body absorbs attacks. (AC +1, EV +1)
((You are camouflaged when in or above water. (Stealth+)))
You have tentacles for arms and can constrict up to eight enemies at once.


Message History

You kill the worm!
You start resting.
A frilled lizard comes into view.
A frilled lizard is nearby!
The frilled lizard hisses angrily.
The frilled lizard bites you.
You closely miss the frilled lizard. Your grab misses the frilled lizard.
The frilled lizard barely misses you.
You closely miss the frilled lizard. You grab the frilled lizard.
You constrict the frilled lizard, but do no damage.
You tentacle-slap the frilled lizard but do no damage.
You constrict the frilled lizard.
You kill the frilled lizard!
Magic restored.
You open the large door.
There is a large open door here.
There is a large open door here.
An iguana comes into view.
A hobgoblin comes into view.
The hobgoblin shouts!
The hobgoblin hits you.
You tentacle-slap the hobgoblin. You grab the hobgoblin.
The hobgoblin is heavily wounded.
You constrict the hobgoblin, but do no damage.
The hobgoblin hits you.
You tentacle-slap the iguana but do no damage.
You grab the iguana.
You constrict the iguana, but do no damage.
You constrict the hobgoblin, but do no damage.
The hobgoblin barely misses you. The iguana bites you!
Ouch! That really hurt!
You tentacle-slap the hobgoblin but do no damage.
The hobgoblin is heavily wounded.
You constrict the iguana, but do no damage.
You constrict the hobgoblin, but do no damage.
The hobgoblin hits you.
* * * LOW HITPOINT WARNING * * *
The iguana bites you!
Ouch! That really hurt!
You die...

###########
....##....#######
..........#.....#
..........#.###.#
.............##.########
.............##.@g......
..............#.#l...###
..#.......#..........#
.##.....<...#........#
.''......#..#..........
.##................#.###
....###..#.###.###.#..
.##.#........... .. .#
....#....######.


You could see an iguana and a hobgoblin.

Vanquished Creatures
  2 adders (D:2)
  A dart slug (D:2)
  A worm (D:2)
  2 bats
  2 endoplasms (D:1)
  4 goblins (D:1)
  2 hobgoblins (D:1)
  3 kobolds
  2 quokkas (D:1)
  A ball python (D:1)
  4 frilled lizards
  3 rats
27 creatures vanquished.

Notes
Turn   | Place    | Note
-------+----------+-------------------------------------------
     0 | D:1      | Pimp the Octopode Conjurer began the quest for the Orb.
     0 | D:1      | Reached XP level 1. HP: 11/11 MP: 3/3
   225 | D:1      | Reached XP level 2. HP: 14/17 MP: 5/5
  1142 | D:2      | Reached XP level 3. HP: 19/22 MP: 1/6
  1199 | D:2      | Reached skill level 1 in Unarmed Combat
  1367 | D:2      | Mangled by an iguana

Illustrated notes

Levels and vault maps discovered:
D:1:      elethiomel_arrival_infinity_welcomes_careful_drivers,
          layout_loops_ring
D:2:      layout_basic, uniq_crazy_yiuf_cottage

Skill      XL: |  1  2  3 |
---------------+----------+-----
Stealth        | 3 |  3.3
Unarmed Combat | 1 |  1.0
Fighting       | |  0.9
Dodging        | |  2.4
Spellcasting   | |  2.3
Conjurations   | |  4.2

Action                     || total
---------------------------++-------
  Melee: Unarmed           ||    36
         Constrict         ||    10
         Tentacles         ||     6
         Punch             ||     2
   Cast: Magic Dart        ||    36
    Use: Scroll            ||     5
   Stab: Sleeping          ||     4
 Armour: Skin              ||     7
  Dodge: Dodged            ||    19

Table legend: (Time is in decaauts)
 A = Elapsed time spent in this place.
 B = Non-inter-level travel time spent in this place.
 C = Inter-level travel time spent in this place.
 D = Time resting spent in this place.
 E = Time spent auto-exploring this place.
 F = Levels seen in this place.
 G = Mean time per level.
                   A        B        C        D        E       F      G
               +--------+--------+--------+--------+--------+-----+--------+
         Total |   1366 |   1322 |     44 |     78 |   1034 |   2 |  683.0 |
       Dungeon |   1366 |   1322 |     44 |     78 |   1034 |   2 |  683.0 |
               +--------+--------+--------+--------+--------+-----+--------+

Top non-repeatable levels by time:
     D:1: 1125 daAuts
     D:2: 240 daAuts
